 Seeded DCSS version 0.27-a0-789-g6bb3289e1e (webtiles) character file.

Game seed: 20210326 (custom seed)

23 Snicker the Chopper (level 2, 0/25 HPs)
             Began as a Minotaur Gladiator on Mar 26, 2021.
             Slain by a hobgoblin (6 damage)
             ... on level 1 of the Dungeon.
             The game lasted 00:00:29 (462 turns).

Snicker the Chopper (Minotaur Gladiator)             Turns: 462, Time: 00:00:29

Health: 0/25       AC:  3    Str: 18    XL:     2   Next: 75%
Magic:  1/1        EV: 12    Int:  5    God:
Gold:   15         SH:  0    Dex: 11    Spells: 1/1 levels left

rFire    . . .     SeeInvis .   h - +2 short sword (drain)
rCold    . . .     Faith    .   (no shield)
rNeg     . . .     Spirit   .   b - +0 leather armour
rPois    .         Reflect  .   c - +0 hat
rElec    .         Harm     .   (no cloak)
rCorr    .         Rampage  .   (no gloves)
Will     .....                  (no boots)
Stlth    +.........             (no amulet)
HPRegen  0.08/turn              (no ring)
MPRegen  0.07/turn              (no ring)

@: no status effects
A: horns 2, retaliatory headbutt
a: no special abilities


You were on level 1 of the Dungeon.
You visited 1 branch of the dungeon, and saw 1 of its levels.

You collected 15 gold pieces.

Inventory:

Hand Weapons
 a - a +0 war axe
 h - a +2 short sword of draining (weapon)
Missiles
 d - 3 throwing nets (quivered)
 i - 4 atropa-tipped darts
Armour
 b - a +0 leather armour (worn)
 c - a +0 hat (worn)
Scrolls
 e - a scroll of identify {unknown}
 k - a scroll of teleportation {unknown}
Potions
 f - 3 potions of mutation {unknown}
 g - 2 potions of resistance {unknown}
 j - a potion of curing {unknown}


   Skills:
 + Level 2.6 Fighting
 + Level 4.1 Axes
 + Level 2.2 Throwing
 + Level 0.2 Armour
 + Level 3.7 Dodging


You had one spell level left.
You didn't know any spells.
Your spell library was empty.

Dungeon Overview and Level Annotations

Branches:
Dungeon (1/15)

Altars:

Shops:
D:1 [


Innate Abilities, Weirdness & Mutations

You have a pair of horns on your head.
You reflexively headbutt those who attack you in melee.


Message History

a +0 whip; a kobold corpse A ball python comes into view.
Found Tiwnuturch's Antique Armour Shoppe.
There are monsters nearby!
The ball python hisses angrily.
A rat comes into view.
The goblin closely misses you.
You hit the goblin. You drain the goblin.
You kill the goblin!
A hobgoblin comes into view.
The hobgoblin shouts!
You puncture the ball python!
You kill the ball python!
A hobgoblin comes into view.
The hobgoblin shouts!
You see here a +0 dagger.
The rat bites you but does no damage.
You closely miss the rat. You headbutt the rat.
The rat is severely wounded.
The rat completely misses you.
You barely miss the rat.
The rat is severely wounded.
The rat barely misses you. You furiously retaliate!
You headbutt the rat!
You kill the rat!
The hobgoblin completely misses you.
A quokka comes into view.
The hobgoblin hits you. x2
You see here a rat corpse.
You barely miss the hobgoblin. The hobgoblin hits you. x2
You puncture the hobgoblin!
You kill the hobgoblin!
The hobgoblin closely misses you.
You hit the hobgoblin. Your headbutt misses the hobgoblin.
The hobgoblin is severely wounded.
The hobgoblin hits you.
* * * LOW HITPOINT WARNING * * *
You closely miss the hobgoblin.
The hobgoblin is severely wounded.
The hobgoblin hits you.
You die...

.. . #..... #. .##
#.##..... ####.
##..####........ .....
.#.#........... ... .∩..
........ . #.####.#
#......
....##r.....######......
......g@.)...)..........
......##########........
##### #####.....###
#...........#
#.###..#..#..
####.#......##÷#
#.###....#####..#..)
#........# #..#.##
.####...######.....#


You could see a quokka and a hobgoblin.

Vanquished Creatures
  2 dart slugs (D:1)
  An endoplasm (D:1)
  3 hobgoblins (D:1)
  A quokka (D:1)
  3 ball pythons (D:1)
  A frilled lizard (D:1)
  4 goblins (D:1)
  3 kobolds (D:1)
  2 rats (D:1)
20 creatures vanquished.

Vanquished Creatures (others)
  A kraken (D:1)
  2 ghouls (D:1)
  A minotaur (D:1)
  2 draconians (D:1)
  2 gargoyles (D:1)
  An elf (D:1)
  2 dwarves (D:1)
  An ogre (D:1)
  A centaur (D:1)
  An orc (D:1)
  A kobold (D:1)
  9 tentacles (D:1)
24 creatures vanquished.

Grand Total: 44 creatures vanquished

Notes
Turn   | Place    | Note
-------+----------+-------------------------------------------
     0 | D:1      | Snicker the Minotaur Gladiator began the quest for the Orb.
     0 | D:1      | Reached XP level 1. HP: 18/18 MP: 0/0
     2 | D:1      | Noticed a minotaur
     2 | D:1      | Noticed a gargoyle
     2 | D:1      | Noticed a gargoyle
     2 | D:1      | Noticed a ghoul
     2 | D:1      | Noticed a ghoul
     2 | D:1      | Noticed a centaur
     2 | D:1      | Noticed a kraken
     2 | D:1      | Noticed a draconian
     2 | D:1      | Noticed a draconian
     2 | D:1      | Noticed a dwarf
     2 | D:1      | Noticed an ogre
     2 | D:1      | Noticed an elf
     2 | D:1      | Noticed a dwarf
     2 | D:1      | Noticed a ghoul
     5 | D:1      | Killed a gargoyle
     5 | D:1      | Killed an ogre
     6 | D:1      | Killed a dwarf
     7 | D:1      | Killed a gargoyle
    11 | D:1      | Killed a centaur
    14 | D:1      | Killed a minotaur
    16 | D:1      | Killed a dwarf
    16 | D:1      | Killed a draconian
    19 | D:1      | Killed an elf
    20 | D:1      | Killed a ghoul
    20 | D:1      | Killed a draconian
    20 | D:1      | Killed a ghoul
    21 | D:1      | Killed a kraken
    83 | D:1      | Reached XP level 2. HP: 19/25 MP: 1/1
    87 | D:1      | Reached skill level 4 in Axes
   449 | D:1      | Found Tiwnuturch's Antique Armour Shoppe.
   462 | D:1      | Slain by a hobgoblin

Illustrated notes

Levels and vault maps discovered:
D:1:      nicolae_arrival_kraken_aquarium_b, layout_basic, serial_shops,
          nicolae_shop_crystal, minmay_pentomino_s4

Skill      XL: |  1  2 |
---------------+-------+-----
Axes           | 4 |  4.1
Fighting       | |  2.6
Throwing       | |  2.2
Armour         | |  0.2
Dodging        | |  3.7

Action                   || total
-------------------------++-------
Melee: War axe           ||    19
       Headbutt          ||     4
       Short sword       ||    17
Armor: Leather armour    ||     4
Dodge: Dodged            ||    13

Table legend: (Time is in decaauts)
 A = Elapsed time spent in this place.
 B = Non-inter-level travel time spent in this place.
 C = Inter-level travel time spent in this place.
 D = Time resting spent in this place.
 E = Time spent auto-exploring this place.
 F = Levels seen in this place.
 G = Mean time per level.
                   A        B        C        D        E       F      G
               +--------+--------+--------+--------+--------+-----+--------+
         Total |    469 |    469 |      0 |      0 |    366 |   1 |  469.0 |
       Dungeon |    469 |    469 |      0 |      0 |    366 |   1 |  469.0 |
               +--------+--------+--------+--------+--------+-----+--------+

Top non-repeatable levels by time:
     D:1: 469 daAuts
